 Dungeon Crawl Stone Soup version 0.23-a0-79-gaa8cc03 (webtiles) character file.

523583 AcePleiades the Demon Slayer (level 25, -5/233 HPs)
             Began as a Hill Orc Fighter on Aug 11, 2018.
             Was a High Priest of the Shining One.
             Splashed by a brown very ugly thing's acid (8 damage)
             ... on level 5 of the Abyss.
             The game lasted 04:14:08 (52147 turns).

AcePleiades the Demon Slayer (Hill Orc Fighter)    Turns: 52147, Time: 04:14:08

Health: -5/233     AC: 34    Str: 33      XL:     25   Next: 97%
Magic:  39/39      EV: 15    Int:  9 (12) God:    the Shining One [*****.]
Gold:   3835       SH:  0    Dex: 18      Spells: 24/24 levels left

rFire    x . .     SeeInvis .   r - +9 broad axe (holy)
rCold    . . .     Gourm    .   T - +6 large shield
rNeg     + + +     Faith    .   z - +3 plate armour {rN+}
rPois    .         Spirit   .   F - +1 helmet {Int+3}
rElec    .         Reflect  .   K - +1 cloak
rCorr    .         Harm     .   Y - +1 pair of gloves
MR       +....                  u - +1 pair of boots {Stlth+}
Stlth    ..........             B - amulet of regeneration
HPRegen  0.00/turn              V - +6 ring of intelligence
MPRegen  0.26/turn              x - ring "Fuoradgh" {+Fly rF- Str+4 Int-3 Dex+6}

@: confused, non-regenerating, diseased, glowing, studying Conjurations
A: large bone plates 1, molten scales 1, yellow scales 1, agile 1, [dopey 1],
sense surroundings 1, strong 1, [weak 2], evolution 1, [subdued magic 2]
}: 2/15 runes: silver, gossamer
a: Divine Shield, Cleansing Flame, Summon Divine Warrior, Renounce Religion,
Evoke Flight


You were on level 5 of the Abyss.
You worshipped the Shining One.
The Shining One was extremely pleased with you.
You were not hungry.

You visited 9 branches of the dungeon, and saw 42 of its levels.
You visited the Abyss 2 times.
You visited 1 bazaar.

You collected 5207 gold pieces.
You spent 1372 gold pieces at shops.

Inventory:

Hand Weapons
 b - a +7 broad axe of flaming
 r - a +9 broad axe of holy wrath (weapon)
Armour
 j - a +1 plate armour of magic resistance
 u - a +1 pair of boots of stealth (worn)
 z - a +3 plate armour of positive energy (worn)
 C - the +6 plate armour of Maohal {rElec rCorr Str+4 Int-4}
   (You took it off a deep elf high priest on level 5 of the Vaults)

   It affects your strength (+4).
   It affects your intelligence (-4).
   It insulates you from electricity.
   It provides partial protection from all sources of acid and corrosion.
 F - a +1 helmet of intelligence (worn)
 K - a +1 cloak (worn)
 T - a +6 large shield (worn)
 Y - a +1 pair of gloves (worn)
Jewellery
 c - an uncursed ring of protection from cold
 d - an uncursed ring of protection from fire
 x - the ring "Fuoradgh" (right hand) {+Fly rF- Str+4 Int-3 Dex+6}
   (You found it on level 4 of the Dungeon)

   [ring of flight]

   It affects your strength (+4).
   It affects your intelligence (-3).
   It affects your dexterity (+6).
   It makes you vulnerable to fire.
   It lets you fly.
 A - an uncursed ring of see invisible
 B - an amulet of regeneration (around neck)
 Q - the ring "Mobel" {+Fly MR+ Dex+2}
   (You found it on level 3 of the Lair of Beasts)

   [ring of flight]

   It affects your dexterity (+2).
   It affects your resistance to hostile enchantments.
   It lets you fly.
 V - a +6 ring of intelligence (left hand)
 W - an uncursed ring of positive energy
 X - the ring of Doessas {rN++ MR- Str+4 Dex+4}
   (You found it on level 14 of the Dungeon)

   [ring of dexterity]

   It affects your strength (+4).
   It affects your dexterity (+4).
   It greatly protects you from negative energy.
   It affects your resistance to hostile enchantments.
Wands
 h - a wand of iceblast (64)
 k - a wand of enslavement (19)
 m - a wand of acid (33)
 o - a wand of digging (39)
 t - a wand of flame (119)
 y - a wand of disintegration (19)
 L - a wand of paralysis (71)
 M - a wand of scattershot (17)
 N - a wand of polymorph (47)
Scrolls
 i - 10 scrolls of teleportation
 s - a scroll of enchant weapon
 v - 3 scrolls of identify
 I - 19 scrolls of remove curse
 J - 2 scrolls of magic mapping
Potions
 e - 2 potions of magic
 n - a potion of agility
 w - a potion of mutation
 D - 5 potions of brilliance
Books
 a - a manual of Conjurations
Miscellaneous
 l - a phial of floods
 E - a box of beasts
 G - a lightning rod (4/4)
 O - a fan of gales
 P - a lamp of fire
 R - 3 phantom mirrors
 Z - a crystal ball of energy
Comestibles
 f - 32 rations


   Skills:
 * Level 20.6 Fighting
 - Level 23.0 Axes
 - Level 14.4 Armour
 - Level 10.0 Dodging
 - Level 25.1 Shields
 - Level 25.6 Invocations
 - Level 13.0 Evocations


You had 24 spell levels left.
You didn't know any spells.
Your spell library contained the following spells:

 Spells                   Type           Power        Failure   Level  Hunger
 Cause Fear               Hex            #.........   100%        4    #####..
 Magic Dart               Conj           #...         85%         1    ##.....
 Bolt of Magma            Conj/Fire/Erth #.........   100%        5    ######.
 Slow                     Hex            #.......     94%         2    ###....
 Venom Bolt               Conj/Pois      #.........   100%        5    ######.
 Bolt of Draining         Conj/Necr      #.........   100%        5    ######.
 Iskenderun's Mystic Bla  Conj           #.......     100%        4    #####..
 Summon Horrible Things   Summ           #.........   100%        8    #######
 Animate Dead             Necr           N/A          100%        4    #####..
 Pain                     Necr           #...         85%         1    ##.....
 Animate Skeleton         Necr           N/A          85%         1    ##.....
 Vampiric Draining        Necr           #.........   99%         3    ####...
 Dispel Undead            Necr           #.......     100%        5    ######.
 Regeneration             Chrm/Necr      #.........   99%         3    ####...
 Sublimation of Blood     Necr           #.........   94%         2    ###....
 Summon Demon             Summ           #.........   100%        5    ######.
 Summon Greater Demon     Summ           #.........   100%        7    #######
 Corpse Rot               Necr           N/A          94%         2    ###....
 Iron Shot                Conj/Erth      #.........   100%        6    #######
 Stone Arrow              Conj/Erth      #.....       99%         3    ####...
 Recall                   Summ/Tloc      N/A          99%         3    ####...
 Agony                    Necr           #.......     100%        5    ######.
 Statue Form              Tmut/Erth      #........    100%        6    #######
 Deflect Missiles         Chrm/Air       #.........   100%        6    #######
 Shadow Creatures         Summ           N/A          100%        6    #######
 Passwall                 Tmut/Erth      #.......     94%         2    ###....
 Ignite Poison            Fire/Tmut/Pois #.......     99%         3    ####...
 Silence                  Hex/Air        #.........   100%        5    ######.
 Shatter                  Erth           #.........   100%        9    #######
 Corona                   Hex            #......      85%         1    ##.....
 Alistair's Intoxication  Tmut/Pois      #.......     100%        5    ######.
 Lee's Rapid Deconstruct  Erth           #.........   100%        5    ######.
 Sandblast                Erth           #.....       85%         1    ##.....
 Conjure Ball Lightning   Conj/Air       #.........   100%        6    #######
 Excruciating Wounds      Chrm/Necr      #.........   100%        5    ######.
 Portal Projectile        Hex/Tloc       #.....       99%         3    ####...
 Monstrous Menagerie      Summ           #.........   100%        7    #######
 Petrify                  Tmut/Erth      #.......     100%        4    #####..
 Orb of Destruction       Conj           #.........   100%        7    #######
 Malign Gateway           Summ/Tloc      #.........   100%        7    #######
 Tornado                  Air            #.........   100%        9    #######
 Leda's Liquefaction      Hex/Erth       #.........   100%        4    #####..
 Shroud of Golubria       Chrm/Tloc      #.........   94%         2    ###....
 Inner Flame              Hex/Fire       #.......     99%         3    ####...
 Aura of Abjuration       Summ           #.........   100%        5    ######.
 Iskenderun's Battlesphe  Conj/Chrm      #.......     100%        5    ######.
 Fulminant Prism          Conj/Hex       #.........   100%        4    #####..
 Dazzling Spray           Conj/Hex       #.....       99%         3    ####...
 Force Lance              Conj/Tloc      #.......     100%        4    #####..
 Infusion                 Chrm           #...         85%         1    ##.....
 Song of Slaying          Chrm           #.......     94%         2    ###....
 Spectral Weapon          Hex/Chrm       #.......     99%         3    ####...
 Searing Ray              Conj           #.....       94%         2    ###....
 Summon Forest            Summ/Tloc      #.........   100%        5    ######.
 Summon Lightning Spire   Summ/Air       #.......     100%        4    #####..
 Spellforged Servitor     Conj/Summ      #.........   100%        7    #######
 Summon Mana Viper        Hex/Summ       #.......     100%        5    ######.
 Irradiate                Conj/Tmut      #.........   100%        5    ######.


Dungeon Overview and Level Annotations

Branches:
Dungeon (15/15)            Temple (1/1) D:6            Lair (6/6) D:8
  Swamp (0/4) Lair:3       Spider (4/4) Lair:4        Slime (0/5) Lair:6
    Orc (2/2) D:10            Elf (0/3) Orc:2        Vaults (5/5) D:14
  Crypt (3/3) Vaults:2       Tomb (0/3) Crypt:3      Depths (5/5) D:15
   Hell (1/1)                 Zot (0/5) Depths:5
    Dis: Hell:1         Geh: Hell:1         Coc: Hell:1         Tar: Hell:1

Altars:
Ashenzari
Cheibriados
Dithmenos
Elyvilon
Gozag
Kikubaaqudgha
Makhleb
Okawaru
Qazlal
Ru
Sif Muna
Trog
Uskayaw
Vehumet
Wu Jian
Xom
Yredelemnul
Zin
The Shining One
Beogh

Shops:
Orc:2 [!!!   Vaults:4 :

Portals:
Hell: Depths:1 Depths:2 Depths:3 Depths:4 Depths:5
Abyss: Depths:1 Depths:4 Depths:5
Pandemonium: Depths:3 Depths:4 Depths:5
Ziggurat: Depths:1

Annotations:
Spider:1 1 runed door, robotcentaur's ghost, adept TeNe


Innate Abilities, Weirdness & Mutations

You are partially covered in large bone plates. (SH +4)
You are partially covered in molten scales. (AC +2)
You are partially covered in yellow scales. (AC +2)
You are agile. (Dex +2)
You passively map a small area around you.
Your muscles are strong. (Str +2)
You evolve.
[You are dopey. (Int -2)]
[You are very weak. (Str -4)]
[Your spells are easier to cast, but less powerful.]


Message History

* * * LOW HITPOINT WARNING * * *
The golden eye blinks at you.
You are more confused.
The cyan very ugly thing gurgles horribly!
Your daeva completely misses the brown very ugly thing.
Your daeva closely misses the brown very ugly thing.
The brown very ugly thing headbutts you but does no damage.
The large abomination closely misses you.
The golden eye blinks at you. You resist with almost no effort.
The ancient zyme hits you.
* * * LOW HITPOINT WARNING * * *
The ancient zyme hits you.
* * * LOW HITPOINT WARNING * * *
You feel ill.
The cyan very ugly thing gurgles horribly!
You hear a roar!
The brown very ugly thing headbutts you!
* * * LOW HITPOINT WARNING * * *
You are splashed with acid!
The acid burns!
You die...

...## #....
.##G... ##
.tu...x #.#
...4u ..
..u#.# ##..
##uX###.#
##A@x.# §
#.##..##§§
#.§.#.#
#..##...# ...#
.##.## ####
#..§#..#
##......# #
######§...#..#
.# . . ....###
.# ..F$


You could see 3 very ugly things, 2 ancient zymes, a large abomination, a chaos
spawn, a golden eye and a friendly daeva.

Vanquished Creatures
  Mennas (Crypt:3)
  An ancient lich (Depths:3)
  Sojobo (Vaults:4)
  Geryon (Hell)
  A profane servitor (Crypt:3)
  Jory (Crypt:3)
  A golden dragon (Depths:3)
  3 bone dragons
  A hellephant (Hell)
  Rupert (D:12)
  4 liches
  Asterion (Depths:2)
  7 tentacled monstrosities
  4 titans
  2 quicksilver dragons
  2 tentacled starspawn
  Murray (Hell)
  2 shadow dragons (Vaults:4)
  9 sphinxes
  2 ancient champions
  Kirke (D:12)
  4 storm dragons
  8 tengu reavers
  6 fire giants
  An orc warlord (Orc:2)
  12 vault wardens
  3 deep elf sorcerers
  8 frost giants
  A cacodemon (Abyss:5)
  2 iron dragons
  A draconian stormcaller (Depths:5)
  3 ghost moths
  11 emperor scorpions
  A draconian shifter (Depths:5)
  6 ghouls
  Louise (Spider:1)
  2 spriggan defenders
  The ghost of AcePleiades the Severer, a journeyman HOFi of the Shining One (D:14)
  5 reapers
  2 war gargoyles (Hell)
  22 very ugly things
  3 deep elf elementalists
  11 ironheart preservers
  15 stone giants
  An ophan (Abyss:5)
  6 entropy weavers
  A green draconian (Depths:5)
  7 vampire knights
  2 deep elf demonologists
  2 lorocyprocas (Hell)
  Nessos (D:12)
  3 deep elf annihilators
  A purple draconian (Depths:5)
  A dire elephant (D:15)
  A white draconian (Depths:5)
  A red draconian (Depths:5)
  6 spark wasps
  A yellow draconian (Depths:5)
  2 blizzard demons (Hell)
  Snorg (Orc:2)
  9 ettins
  2 eidola (Crypt:2)
  The ghost of Dietz the Basher, a journeyman HuWn of Trog (Lair:4)
  Josephine (D:12)
  A deep elf death mage (Crypt:3)
  27 jiangshi
  18 yaktaur captains
  11 fire dragons
  Erolcha (D:13)
  4 deep elf high priests
  12 great orbs of eyes
  29 vault guards
  2 rakshasas
  Harold (Lair:1)
  11 ice dragons
  A quicksilver dragon skeleton (Hell)
  5 spriggan air magi
  3 catoblepae (Lair:6)
  12 centaur warriors
  13 hydras
  12 ogre magi
  A two-headed ogre (shapeshifter) (Depths:4)
  22 two-headed ogres
  A dancing weapon (D:14)
  10 vampire magi
  8 deep troll earth magi
  4 death knights
  3 hell hogs (Hell)
  10 deep troll shamans
  6 tengu warriors
  11 death yaks
  3 spriggan berserkers (Depths:5)
  4 orc high priests (Orc:2)
  Urug (Lair:1)
  Nergalle (Lair:3)
  7 sun demons (Hell)
  4 soul eaters (Hell)
  20 hell knights
  5 spriggans
  2 iron golems (Hell)
  2 wretched stars (Abyss:5)
  A deep elf knight (Vaults:4)
  4 iron trolls
  5 shadow wraiths
  4 sixfirhies (Abyss:5)
  2 fire crabs (shapeshifter)
  A storm dragon skeleton (Vaults:4)
  35 deep trolls
  A swamp dragon (Abyss:5)
  38 skeletal warriors
  2 unseen horrors (Depths:1)
  8 wizards
  A spectral iron dragon (Crypt:3)
  A shadow demon (Abyss:5)
  6 flayed ghosts
  2 deep elf archers
  7 glowing orange brains
  7 phantasmal warriors
  13 ironbrand convokers
  2 iron giant skeletons
  12 necromancers
  15 orc knights
  Pikel (D:4)
  14 orb spiders
  A mana viper (shapeshifter) (Vaults:3)
  A wolf spider zombie (D:15)
  30 ugly things
  9 deep elf magi
  2 salamanders (shapeshifter) (Vaults:3)
  22 wolf spiders
  3 human zombies
  6 orc sorcerers
  3 manticores
  A sphinx skeleton (Depths:2)
  3 salamanders
  A manticore (shapeshifter) (Depths:3)
  10 elephants
  4 oklob plants
  5 cyclopes
  A moth of wrath (Spider:1)
  Maurice (D:8)
  A frost giant skeleton (Vaults:4)
  Joseph (D:7)
  A guardian serpent (shapeshifter) (Vaults:4)
  14 vault sentinels
  An iron dragon skeleton (Crypt:2)
  7 black mambas
  2 orange demons (Hell)
  8 rust devils
  12 spiny frogs
  2 centaur skeletons
  A dire elephant skeleton (Hell)
  5 rime drakes
  A torpor snail (Spider:3)
  56 yaktaurs
  A catoblepas zombie (Hell)
  4 kobold demonologists
  2 tormentors
  3 komodo dragons
  2 ice devils (Hell)
  An efreet (D:15)
  15 demonic crawlers
  14 freezing wraiths
  A hellwing (Depths:4)
  A black draconian skeleton (Crypt:1)
  A harpy zombie (Abyss:5)
  A spark wasp simulacrum (Depths:2)
  An ancient zyme (Abyss:5)
  A jumping spider (shapeshifter) (Vaults:3)
  10 trolls
  3 meliai (D:14)
  3 red devils
  A golden dragon simulacrum (Depths:2)
  2 meliai (shapeshifter)
  5 tengu conjurers
  A queen bee (D:14)
  37 jumping spiders
  A polar bear (Lair:6)
  2 polar bears (shapeshifter)
  2 raiju (shapeshifter)
  A wind drake (shapeshifter) (Vaults:1)
  A hornet (shapeshifter) (Vaults:4)
  3 raiju
  15 hornets
  9 blink frogs
  A moth of wrath zombie (Crypt:2)
  An ettin zombie (Hell)
  36 flying skulls (Crypt:3)
  2 bog bodies (Crypt:2)
  10 hippogriffs
  39 slime creatures
  A meliai zombie (D:14)
  A stone giant simulacrum (Depths:2)
  107 redbacks
  A shadow (Crypt:1)
  41 yaks
  A tarantella (shapeshifter) (Vaults:3)
  A ynoxinul (Abyss:5)
  32 tarantellas
  5 wyverns
  3 hogs (D:12)
  4 fire elementals
  10 large abominations
  10 wraiths
  Eustachio (D:5)
  8 basilisks
  A golden eye (shapeshifter) (Vaults:4)
  4 neqoxecs (D:14)
  A steam dragon (D:10)
  A human (shapeshifter) (Vaults:3)
  A human (D:12)
  2 hungry ghosts
  An infernal demonspawn zombie (Crypt:2)
  4 chaos spawn
  A glowing shapeshifter zombie (Crypt:1)
  A minotaur simulacrum (Crypt:3)
  3 spatial vortices (Abyss:5)
  A warg (Orc:1)
  A warg (shapeshifter) (Depths:3)
  A soldier ant (D:15)
  A soldier ant (shapeshifter) (Depths:3)
  4 hell hounds (Hell)
  An acid dragon (Vaults:2)
  10 porcupines
  9 water moccasins
  45 orc warriors
  4 ice beasts
  2 sky beasts
  4 black bears
  43 ogres
  A slave (D:4)
  16 boggarts
  2 sky beasts (shapeshifter) (Depths:3)
  11 small abominations
  A tengu (shapeshifter) (Vaults:4)
  8 necrophages
  5 phantoms
  17 wolves
  15 centaurs
  11 crocodiles
  Blork the orc (D:5)
  13 big kobolds
  A hippogriff zombie (Crypt:2)
  A big kobold (shapeshifter) (Depths:3)
  12 bullfrogs
  A rime drake skeleton (Crypt:1)
  An ogre simulacrum (Vaults:1)
  A wyvern zombie (D:14)
  A human skeleton (Vaults:4)
  A wyvern skeleton (D:15)
  2 human simulacra
  5 scorpions
  23 killer bees
  8 wights
  2 howler monkeys
  3 electric eels
  8 crimson imps
  8 centaur zombies
  11 starcursed masses (Abyss:5)
  7 jellies
  8 quasits
  3 bullfrog zombies (D:12)
  4 hounds
  37 orc priests
  A basilisk zombie (Crypt:1)
  A gnoll shaman (D:7)
  13 orc wizards
  A bullfrog skeleton (Crypt:1)
  Terence (D:2)
  Crazy Yiuf (D:2)
  Ijyb (D:5)
  6 iguanas
  13 worker ants
  7 hell rats (Hell)
  A tengu zombie (Hell)
  A sky beast zombie (Crypt:2)
  A dwarf skeleton (Crypt:1)
  A hound zombie (D:11)
  An acid dragon skeleton (Crypt:1)
  A naga skeleton (Crypt:2)
  A hound skeleton (D:4)
  Robin (D:2)
  3 worker ant zombies
  7 gnolls
  A swamp drake zombie (Crypt:1)
  14 adders
  A shadow imp (D:5)
  2 oozes (Lair:6)
  2 adder skeletons
  2 adder zombies
  5 worms
  A dart slug (D:1)
  4 leopard geckos
  115 orcs
  7 giant cockroaches
  5 hobgoblins
  3 jackals (D:9)
  26 kobolds
  5 quokkas
  2 ball pythons
  5 bats
  4 frilled lizards
  15 goblins
  A jackal skeleton (D:4)
  A kobold zombie (Crypt:2)
  4 rats
  A crawling corpse (Vaults:4)
  2 fungi
  A lurking horror (Abyss:5)
  2 plants
  A starspawn tentacle (Abyss:5)
2060 creatures vanquished.

Vanquished Creatures (collateral kills)
  An ancient lich (Vaults:5)
  A golden dragon (Vaults:5)
  2 tentacled monstrosities (Vaults:5)
  A titan (Vaults:5)
  A sphinx (Vaults:5)
  2 shadow dragons (Vaults:5)
  A storm dragon (Vaults:5)
  An ancient champion (Crypt:3)
  A revenant (Crypt:3)
  Agnes (D:14)
  A ghost moth (Spider:4)
  A frost giant (Vaults:5)
  3 emperor scorpions
  A vault warden (Vaults:5)
  2 stone giants (Vaults:5)
  2 entropy weavers
  2 vampire knights (Crypt:3)
  A deep elf annihilator (Vaults:2)
  An ettin (Vaults:5)
  5 jiangshi (Crypt:3)
  3 yaktaur captains
  A great orb of eyes (Vaults:5)
  3 death knights (Crypt:3)
  A vault guard (Vaults:2)
  A centaur warrior (Vaults:2)
  A dancing weapon (D:14)
  A thrashing horror (Abyss:5)
  2 deep elf knights (Vaults:2)
  A sixfirhy (Abyss:5)
  3 skeletal warriors (Crypt:3)
  2 spatial maelstroms (Abyss:5)
  A deep elf archer (Vaults:2)
  A flayed ghost (Crypt:3)
  A wizard (Vaults:2)
  A glowing orange brain (Abyss:5)
  An ugly thing (D:14)
  An orb spider (Spider:3)
  2 ironbrand convokers
  3 wolf spiders (Spider:1)
  A worldbinder (Abyss:5)
  A centaur zombie (D:14)
  A vault sentinel (Vaults:2)
  A guardian serpent (shapeshifter) (Vaults:2)
  2 large abominations (Abyss:5)
  A smoke demon (Abyss:5)
  A demonic crawler (Spider:4)
  5 yaktaurs
  An ancient zyme (Abyss:5)
  A harpy skeleton (D:14)
  2 redbacks
  16 flying skulls (Crypt:3)
  4 shadows (Crypt:3)
  A ynoxinul (Abyss:5)
  2 wraiths (D:12)
  A neqoxec (Abyss:5)
  A warg (Vaults:2)
  A small abomination (Abyss:5)
  An orc warrior (Vaults:2)
  A necrophage (Crypt:3)
  A big kobold (Abyss:5)
  4 killer bees (D:14)
  An electric eel (Spider:4)
  2 crimson imps (D:14)
  A starcursed mass (Abyss:5)
  An orc (Vaults:2)
116 creatures vanquished.

Vanquished Creatures (others)
  A jumping spider (Spider:3)
  A hornet (Spider:3)
  A shadow (D:12)
  A redback (Spider:4)
  A golden eye (Abyss:5)
  An ogre (Vaults:5)
  A quokka (D:12)
  4 fungi (Lair:5)
  5 plants
  7 starspawn tentacles (Abyss:5)
23 creatures vanquished.

Grand Total: 2199 creatures vanquished

Notes
Turn   | Place    | Note
-------+----------+-------------------------------------------
     0 | D:1      | AcePleiades the Hill Orc Fighter began the quest for the Orb.
     0 | D:1      | Reached XP level 1. HP: 19/19 MP: 1/1
   174 | D:1      | Reached XP level 2. HP: 26/26 MP: 2/2
   519 | D:2      | Noticed Terence
   528 | D:2      | Killed Terence
   528 | D:2      | Reached skill level 5 in Axes
   528 | D:2      | Reached XP level 3. HP: 25/31 MP: 3/3
   594 | D:2      | Found a bloodstained altar of Trog.
   641 | D:2      | Found a shadowy altar of Dithmenos.
   697 | D:2      | Reached XP level 4. HP: 39/39 MP: 4/4
   743 | D:2      | Noticed Robin
   762 | D:2      | Killed Robin
   808 | D:2      | Found a runed door.
   902 | D:2      | Noticed Crazy Yiuf
   905 | D:2      | Killed Crazy Yiuf
   981 | D:2      | Reached XP level 5. HP: 42/45 MP: 5/5
  1833 | D:4      | Noticed an ogre
  2025 | D:3      | Killed an ogre
  2025 | D:3      | Reached XP level 6. HP: 47/51 MP: 6/6
  2055 | D:4      | Got a coiled granite ring
  2200 | D:4      | Noticed a phantom
  2231 | D:4      | Killed a phantom
  2302 | D:4      | Reached XP level 7. HP: 40/57 MP: 7/7
  2476 | D:4      | Reached skill level 10 in Axes
  2677 | D:5      | Entered Level 5 of the Dungeon
  2727 | D:5      | Noticed Ijyb
  2746 | D:5      | Killed Ijyb
  2789 | D:5      | Noticed Pikel
  2882 | D:4      | Identified the ring "Fuoradgh" {+Fly rF- Str+4 Int-3 Dex+6} (You found it on level 4 of the Dungeon)
  2898 | D:4      | Killed Pikel
  2898 | D:4      | Reached XP level 8. HP: 58/64 MP: 8/8
  3037 | D:5      | Noticed Blork the orc
  3054 | D:5      | Killed Blork the orc
  3092 | D:5      | Noticed Eustachio
  3104 | D:5      | Killed Eustachio
  3556 | D:5      | Reached XP level 9. HP: 70/70 MP: 9/9
  3995 | D:6      | Found an iron altar of Okawaru.
  4015 | D:6      | Found a staircase to the Ecumenical Temple.
  4027 | D:6      | Reached skill level 15 in Axes
  4133 | Temple   | Entered the Ecumenical Temple
  4185 | Temple   | Became a worshipper of the Shining One
  4985 | D:7      | Reached * piety under the Shining One
  5200 | D:7      | Noticed Joseph
  5213 | D:7      | Killed Joseph
  5213 | D:7      | Reached XP level 10. HP: 56/84 MP: 10/10
  5541 | D:8      | Found a staircase to the Lair.
  5879 | D:8      | Noticed Maurice
  5895 | D:8      | Killed Maurice
  5895 | D:8      | Reached skill level 10 in Fighting
  6150 | D:8      | Noticed a kobold demonologist
  6171 | D:8      | Killed a kobold demonologist
  6171 | D:8      | Reached skill level 5 in Shields
  6535 | D:9      | Found a white marble altar of Elyvilon.
  6703 | D:9      | Reached XP level 11. HP: 102/102 MP: 11/11
  6774 | D:9      | Found an opulent altar of Gozag.
  6774 | D:9      | Found an ancient bone altar of Kikubaaqudgha.
  6813 | D:9      | Reached ** piety under the Shining One
  6826 | D:9      | Noticed a hand axe
  6829 | D:9      | Found a hide-covered altar of Uskayaw.
  6830 | D:9      | Noticed an enchanted dagger
  7138 | Lair:1   | Entered Level 1 of the Lair of Beasts
  7218 | Lair:1   | Noticed Harold
  7253 | Lair:1   | Killed Harold
  7540 | Lair:1   | Noticed Urug
  7550 | Lair:1   | Killed Urug
  8543 | Lair:2   | Reached skill level 10 in Shields
  9036 | Lair:2   | Noticed a seven-headed hydra
  9039 | Lair:2   | Noticed an eight-headed hydra
  9780 | Lair:1   | Killed an eight-headed hydra
 10046 | Lair:2   | Killed an eight-headed hydra
 10046 | Lair:2   | Reached XP level 12. HP: 88/110 MP: 12/12
 10543 | Lair:3   | Noticed Nergalle
 10558 | Lair:3   | Killed Nergalle
 10707 | Lair:3   | Noticed a five-headed hydra
 10716 | Lair:3   | Killed a five-headed hydra
 10763 | Lair:3   | Got a scintillating iron ring
 10829 | Lair:3   | Identified the ring "Mobel" {+Fly MR+ Dex+2} (You found it on level 3 of the Lair of Beasts)
 10852 | Lair:3   | Noticed an eight-headed hydra
 10891 | Lair:3   | Found a staircase to the Swamp.
 10990 | Lair:2   | Killed an eight-headed hydra
 11483 | Lair:4   | Reached *** piety under the Shining One
 11648 | Lair:4   | Reached skill level 15 in Shields
 11866 | Lair:4   | Reached XP level 13. HP: 109/116 MP: 13/13
 11962 | Lair:4   | Found a hole to the Spider Nest.
 12044 | Lair:4   | Found a runed door.
 12045 | Lair:4   | Noticed Dietz's ghost (journeyman HuWn)
 12079 | Lair:4   | Killed Dietz's ghost
 12079 | Lair:4   | Reached skill level 5 in Invocations
 13156 | Lair:5   | Reached skill level 10 in Invocations
 13480 | Lair:6   | Entered Level 6 of the Lair of Beasts
 14468 | Lair:6   | Found a staircase to the Slime Pits.
 14667 | Lair:6   | Reached XP level 14. HP: 99/124 MP: 22/24
 15569 | Lair:6   | Reached skill level 15 in Invocations
 15847 | Lair:6   | Reached skill level 5 in Armour
 16655 | Lair:6   | Got a crude plate armour
 16666 | Lair:6   | Identified the cursed +1 plate armour of Conscience {rN+ Int+2} (You found it on level 6 of the Lair of Beasts)
 16752 | Lair:3   | You fall through a shaft for 3 floors!
 16945 | D:10     | Entered Level 10 of the Dungeon
 17158 | D:10     | Found a staircase to the Orcish Mines.
 17494 | D:10     | Reached **** piety under the Shining One
 18414 | D:12     | Noticed Kirke
 18415 | D:12     | Reached skill level 10 in Armour
 18427 | D:12     | Killed Kirke
 18597 | D:12     | Reached XP level 15. HP: 129/129 MP: 26/26
 18608 | D:12     | Noticed Nessos
 18609 | D:12     | Noticed Josephine
 18616 | D:12     | Reached ***** piety under the Shining One
 18621 | D:12     | Killed Josephine
 18632 | D:12     | Killed Nessos
 18848 | D:12     | Found a labyrinth entrance.
 18848 | D:12     | Noticed Rupert
 18872 | D:12     | Killed Rupert
 19160 | D:13     | Found the +4 robe of Augmentation {Str+4 Int+4 Dex+4}
 19251 | D:13     | Noticed Erolcha
 19263 | D:13     | Killed Erolcha
 19940 | D:14     | Noticed Agnes
 19953 | D:14     | Killed Agnes
 20083 | D:14     | Found a shimmering altar of Xom.
 20391 | D:14     | Found a gate to the Vaults.
 20703 | D:14     | Noticed AcePleiades's ghost (journeyman HOFi)
 20707 | D:14     | Found a transporter.
 20731 | D:14     | Found a transporter.
 20782 | D:14     | Killed AcePleiades's ghost
 20782 | D:14     | Reached skill level 15 in Fighting
 20785 | D:14     | Got the ring of Doessas {Dex+4}
 21075 | D:15     | Entered Level 15 of the Dungeon
 21462 | D:14     | Upgraded the game from 0.23-a0-78-gc252fe1 to 0.23-a0-79-gaa8cc03
 21814 | D:15     | Reached XP level 16. HP: 120/149 MP: 27/27
 21880 | D:15     | Found a staircase to the Depths.
 22079 | Orc:1    | Entered Level 1 of the Orcish Mines
 22441 | Orc:2    | Entered Level 2 of the Orcish Mines
 22644 | Orc:2    | Noticed Snorg
 22655 | Orc:2    | Killed Snorg
 23133 | Orc:2    | Found a roughly hewn altar of Beogh.
 23227 | Orc:2    | Found Jodaango's Armour Boutique.
 23250 | Orc:2    | Bought a +1 pair of boots for 149 gold pieces
 23305 | Orc:2    | Found Okkeu's Distillery.
 23315 | Orc:2    | Bought a potion of heal wounds for 75 gold pieces
 23315 | Orc:2    | Bought 2 potions of heal wounds for 150 gold pieces
 23315 | Orc:2    | Bought a potion of heal wounds for 75 gold pieces
 23586 | Orc:2    | Found a staircase to the Elven Halls.
 23715 | Orc:2    | Found Icatagre's Distillery.
 23847 | Orc:2    | Found a roughly hewn altar of Beogh.
 24019 | Orc:2    | Found Ejawucro's Distillery.
 24040 | Orc:2    | Bought a potion of heal wounds for 75 gold pieces
 24426 | Orc:2    | Bought a potion of curing for 33 gold pieces
 24426 | Orc:2    | Bought a potion of curing for 33 gold pieces
 24426 | Orc:2    | Bought a potion of curing for 33 gold pieces
 24751 | Spider:1 | Entered Level 1 of the Spider Nest
 25332 | Spider:1 | Found a runed door.
 25336 | Spider:1 | Found a shimmering altar of Xom.
 25336 | Spider:1 | Noticed robotcentaur's ghost (adept TeNe)
 25978 | Spider:1 | Noticed Louise
 25994 | Spider:1 | Killed Louise
 27228 | Spider:2 | Reached XP level 17. HP: 114/156 MP: 28/28
 27674 | Spider:3 | Reached ****** piety under the Shining One
 29231 | Spider:4 | Entered Level 4 of the Spider Nest
 30150 | Spider:4 | Reached XP level 18. HP: 159/163 MP: 29/29
 30581 | Spider:4 | Got a gossamer rune of Zot
 31019 | Vaults:1 | Entered Level 1 of the Vaults
 32817 | Vaults:2 | Reached XP level 19. HP: 170/170 MP: 30/30
 32843 | Vaults:2 | Found a staircase to the Crypt.
 34238 | Vaults:3 | Found a flickering gateway to a bazaar.
 34245 | Bazaar   | Entered a bazaar
 34245 | Bazaar   | Found Venitaaha's Magic Scroll Shoppe.
 34245 | Bazaar   | Found Juamnas's Antique Armour Emporium.
 34247 | Bazaar   | Found Sappyxie's Gadget Emporium.
 34263 | Bazaar   | Found Kuzeeqem's Distillery.
 34275 | Bazaar   | Bought a scroll of identify for 28 gold pieces
 34275 | Bazaar   | Bought 2 scrolls of identify for 56 gold pieces
 34275 | Bazaar   | Bought a scroll of identify for 28 gold pieces
 34275 | Bazaar   | Bought a scroll of identify for 28 gold pieces
 34275 | Bazaar   | Bought a scroll of identify for 28 gold pieces
 34276 | Bazaar   | Identified a scroll of acquirement
 34670 | Vaults:3 | Identified a broad axe of holy wrath (a broad axe blessed by the Shining One)
 34670 | Vaults:3 | Received a gift from the Shining One
 35788 | Vaults:4 | Found Ecoann's Book Shoppe.
 35953 | Vaults:4 | Reached XP level 20. HP: 115/179 MP: 31/31
 36305 | Vaults:4 | Noticed Sojobo
 36339 | Vaults:4 | Killed Sojobo
 37319 | Vaults:5 | Entered Level 5 of the Vaults
 37667 | Vaults:5 | Noticed an ancient lich
 37683 | Vaults:5 | Noticed a golden dragon
 37689 | Vaults:5 | Noticed a Tzitzimitl
 37694 | Vaults:5 | Noticed a Tzitzimitl
 37746 | Vaults:5 | Killed a golden dragon
 37794 | Vaults:5 | Killed an ancient lich
 37931 | Vaults:5 | Reached XP level 21. HP: 83/185 MP: 31/33
 38612 | Crypt:1  | Entered Level 1 of the Crypt
 39105 | Crypt:1  | Reached skill level 1 in Evocations
 39380 | Crypt:2  | Reached skill level 5 in Evocations
 40023 | Crypt:3  | Entered Level 3 of the Crypt
 40120 | Crypt:3  | Found an ancient bone altar of Kikubaaqudgha.
 40124 | Crypt:3  | Reached XP level 22. HP: 193/193 MP: 36/36
 40127 | Crypt:3  | Noticed Mennas
 40159 | Crypt:3  | HP: 9/192 [Mennas/trishula of holy wrath (5)]
 40164 | Crypt:3  | The Shining One protects you from harm!
 40164 | Crypt:3  | HP: 6/192 [acid (14)]
 40174 | Crypt:3  | Reached skill level 10 in Evocations
 40337 | Crypt:3  | Noticed a profane servitor
 40358 | Crypt:3  | Killed a profane servitor
 40361 | Crypt:3  | Found the cursed +13 scythe of Curses {drain, *Curse}
 40556 | Crypt:3  | Noticed Jory
 40576 | Crypt:3  | Killed Jory
 40586 | Crypt:3  | Found a staircase to the Tomb.
 40687 | Crypt:3  | Killed Mennas
 41689 | Vaults:5 | Identified the ring of Doessas {rN++ MR- Str+4 Dex+4} (You found it on level 14 of the Dungeon)
 42029 | Vaults:5 | Got a jewelled plate armour
 42033 | Vaults:4 | Identified the +6 plate armour of Maohal {rElec rCorr Str+4 Int-4} (You took it off a deep elf high priest on level 5 of the Vaults)
 42431 | Vaults:5 | Found the +6 shillelagh "Devastator" {shatter}
 42814 | Vaults:5 | Got a silver rune of Zot
 42882 | Vaults:5 | Gained mutation: You are frail. (-10% HP) [potion of mutation]
 42882 | Vaults:5 | Gained mutation: Your muscles are strong. (Str +2) [potion of mutation]
 42883 | Vaults:5 | Lost mutation: Your muscles are strong. (Str +2) [potion of mutation]
 42883 | Vaults:5 | Lost mutation: You are frail. (-10% HP) [potion of mutation]
 42883 | Vaults:5 | Gained mutation: You are partially covered in rugged brown scales. (AC +1, +3% HP) [potion of mutation]
 42883 | Vaults:5 | Gained mutation: You passively map a small area around you. [potion of mutation]
 42883 | Vaults:5 | Gained mutation: You passively map the area around you. [potion of mutation]
 42883 | Vaults:5 | Gained mutation: You have sharp toenails. [potion of mutation]
 43356 | Depths:1 | Entered Level 1 of the Depths
 43370 | Depths:1 | Found a gateway to a ziggurat.
 43504 | Depths:1 | Reached XP level 23. HP: 179/205 MP: 37/37
 43561 | Depths:1 | Found a gateway to Hell.
 43760 | Depths:1 | Found a one-way gate to the infinite horrors of the Abyss.
 44602 | Depths:2 | Noticed Asterion
 44775 | Depths:2 | Killed Asterion
 45809 | Depths:3 | Noticed a golden dragon
 45838 | Depths:3 | Killed a golden dragon
 45846 | Depths:3 | Paralysed by a great orb of eyes for 7 turns
 45962 | Depths:3 | Reached XP level 24. HP: 128/213 MP: 39/39
 46141 | Depths:3 | Got a wavering golden ring
 46493 | Depths:3 | Reached skill level 1 in Dodging
 46494 | Depths:3 | Noticed an ancient lich
 46513 | Depths:3 | Killed an ancient lich
 46697 | Depths:3 | Paralysed by a great orb of eyes for 6 turns
 46716 | Depths:3 | Gained mutation: You are frail. (-10% HP) [a neqoxec]
 46860 | Depths:3 | Reached skill level 5 in Dodging
 46870 | Depths:3 | Found a one-way gate leading to the halls of Pandemonium.
 48038 | Depths:4 | Identified the ring "Lowysser" {rF+ EV+1} (You took it off an ogre mage on level 3 of the Depths)
 48439 | Depths:4 | Reached skill level 10 in Dodging
 48439 | Depths:4 | Reached XP level 25. HP: 179/199 MP: 39/39
 49039 | Depths:4 | You fall through a shaft!
 49039 | Depths:5 | Entered Level 5 of the Depths
 49383 | Depths:5 | Paralysed by a great orb of eyes for 2 turns
 49523 | Depths:5 | Lost mutation: You have sharp toenails. [potion of mutation]
 49523 | Depths:5 | Lost mutation: You are frail. (-10% HP) [potion of mutation]
 49523 | Depths:5 | Lost mutation: You passively map the area around you. [potion of mutation]
 49523 | Depths:5 | Lost mutation: You are partially covered in rugged brown scales. (AC +1, +3% HP) [potion of mutation]
 49523 | Depths:5 | Gained mutation: You are partially covered in molten scales. (AC +2) [potion of mutation]
 49523 | Depths:5 | Gained mutation: You are robust. (+10% HP) [potion of mutation]
 49523 | Depths:5 | Gained mutation: [You are weak. (Str -2)] [potion of mutation]
 49523 | Depths:5 | Gained mutation: You passively map the area around you. [potion of mutation]
 49524 | Depths:5 | Lost mutation: [You are weak. (Str -2)] [potion of mutation]
 49524 | Depths:5 | Lost mutation: You passively map the area around you. [potion of mutation]
 49524 | Depths:5 | Lost mutation: You are robust. (+10% HP) [potion of mutation]
 49524 | Depths:5 | Gained mutation: You passively map the area around you. [potion of mutation]
 49524 | Depths:5 | Gained mutation: [You are weak. (Str -2)] [potion of mutation]
 49524 | Depths:5 | Gained mutation: You are partially covered in large bone plates. (SH +4) [potion of mutation]
 49816 | Orc:2    | Bought a potion of curing for 45 gold pieces
 49816 | Orc:2    | Bought a potion of ambrosia for 120 gold pieces
 49896 | Orc:2    | Bought a potion of magic for 120 gold pieces
 49896 | Orc:2    | Bought a potion of magic for 120 gold pieces
 49932 | Orc:2    | Bought a potion of mutation for 88 gold pieces
 49932 | Orc:2    | Bought a potion of mutation for 88 gold pieces
 49935 | Orc:2    | Lost mutation: [You are weak. (Str -2)] [potion of mutation]
 49935 | Orc:2    | Lost mutation: You passively map the area around you. [potion of mutation]
 49935 | Orc:2    | Gained mutation: You are agile. (Dex +2) [potion of mutation]
 49935 | Orc:2    | Gained mutation: You are partially covered in yellow scales. (AC +2) [potion of mutation]
 50380 | Depths:5 | Found a gate to the Realm of Zot.
 51118 | Hell     | Entered the Vestibule of Hell
 51118 | Hell     | Noticed Geryon
 51130 | Hell     | Noticed Murray
 51148 | Hell     | Cast into level 2 of the Abyss (red devil)
 51302 | Hell     | Escaped the Abyss
 51310 | Hell     | Killed Geryon
 51327 | Hell     | Killed Murray
 51337 | Hell     | HP: 3/231 [balrug/bolt of fire (72)]
 51641 | Depths:5 | Voluntarily entered the Abyss.
 51758 | Abyss:5  | Entered Level 5 of the Abyss
 51873 | Abyss:5  | Gained mutation: You evolve. [a neqoxec]
 51934 | Abyss:5  | Paralysed by accursed screaming for 1 turns
 52024 | Abyss:5  | Gained mutation: Your muscles are strong. (Str +2) [evolution]
 52147 | Abyss:5  | HP: 3/233 [brown very ugly thing (12)]
 52147 | Abyss:5  | Splashed by a brown very ugly thing's acid

Vault maps used:
D:1:      lightli_arrival_lavapool
D:2:      grunt_dithmenos_smoke, marbit_many_paths, uniq_robin, uniq_terence,
          uniq_crazy_yiuf_cottage
D:3:      moated_statue
D:4:      first_ration, st_stairs_8
D:5:      roderic_roman_lattice, minivault_25, uniq_eustachio,
          uniq_blork_the_orc, uniq_pikel, uniq_ijyb
D:6:      lemuel_crystal_altar, temple_green
D:7:      black_bear_nest_1, uniq_joseph
D:8:      minmay_lair_entry_grove, special_room, uniq_maurice
D:9:      elyvilon_altar_4, dancing_weapons_uskayaw,
          nicolae_overflow_hidden_temple
D:10:     david_orc_2
D:12:     lab_entry_generic, grunt_livestock, st_stairs_9, uniq_kirke,
          uniq_rupert, uniq_nessos, uniq_josephine
D:13:     uniq_erolcha
D:14:     erik_vaults_1, lemuel_statue_altar, gammafunk_ghost_stat_death,
          special_room, kennysheep_small_circle, uniq_agnes
D:15:     hangedman_depths_entry_try_elsewhere_first, kennysheep_doodads,
          hangedman_decor_push
Temple:   eino_narrow_crystal_temple
Lair:1:   beast_lair_carwin_3, uniq_urug, uniq_harold
Lair:3:   swamp_mist, grunt_megastairs_5, uniq_nergalle
Lair:4:   nicolae_spider_entry_orb_guardian, gammafunk_ghost_grave
Lair:6:   evilmike_catoblepas_cave, nicolae_slime_entry_slimehenge,
          serial_bayou_shore_b
Spider:1: ebering_ghost_xom, uniq_louise
Spider:3: spiders_nest_ghost_moth_duel
Spider:4: grunt_spider_rune_circles, spiders_nest_the_unseen
Orc:1:    serial_shops, shop, statue_in_the_mist_lemuel, nicolae_orc_lava_room
Orc:2:    pubby_orc_utopia, uniq_snorg
Vaults:1: v_misc_28, vaults_room_ringed_pool, nicolae_vaults_alarming,
          v_misc_28, v_alt_pattern_3, v_misc_10, vaults_dpeg_hooks,
          nicolae_vaults_little_squares_3, ontoclasm_vaults_loading_screen,
          nicolae_vaults_windows_and_doors_thing,
          nicolae_vaults_yaktaur_gun_rack
Vaults:2: hangedman_vaults_slither, minmay_crypt_entry_simple_plaza, v_misc_10,
          nicolae_vaults_little_ls, vaults_room_grid, vaults_dpeg_cross,
          grunt_vaults_hallway_short, v_misc_17
Vaults:3: hangedman_vaults_maws, ontoclasm_vaults_spin,
          nicolae_vaults_network_barrier, v_rooms_5, nicolae_vaults_octagons,
          v_misc_29, vaults_room_fours, vaults_room_pools,
          ontoclasm_vaults_loading_screen, v_misc_25, serial_shops,
          bzr_entry_islet
Vaults:4: nicolae_vaults_inception_network, nicolae_vaults_network_s,
          nicolae_vaults_circle_grid_b, grunt_vaults_swirl,
          nicolae_vaults_border_crossing, nicolae_vaults_little_squares_2,
          hangedman_vaults_maws, v_misc_19, vaults_room_semicircle,
          serial_shops, nicolae_shop_behind_doors, uniq_sojobo
Vaults:5: serial_shops
Crypt:3:  grunt_crypt_end_deaths_head, uniq_mennas
Depths:1: enter_ziggurat_f, minmay_room_of_horrors, hangedman_geh_valley,
          minmay_misc_feat_pillars, minmay_misc_feat_plants,
          kennysheep_another_room, minmay_misc_feat_roman, minmay_misc_feat_iff,
          grunt_decor_clamped, minmay_holes, moated_statue,
          kennysheep_windowed_goal, firewood_loft
Depths:2: minmay_roctagon, grunt_hell_entry_dis_grunt,
          infiniplex_staircase_spiral_double, uniq_asterion
Depths:3: hangedman_pleasuredromes, hell_entry, pan_entry
Depths:4: dpeg_oklob_shooting_range, hangedman_abyss_entry_splay,
          rand_demon_pan_entry_7, hell_entry, st_stairs_9,
          minmay_staircase_bubble
Depths:5: grunt_zot_entry_tricorne, hell_entry, grunt_pan_entry_zigzag,
          abyss_entry, minmay_misc_feat_more_columns
Abyss:3:  hangedman_abyss_mock_shop, evilmike_abyss_exit_12
Abyss:4:  dshaligram_kb_abyss_rune_zappy_water_cross
Abyss:5:  evilmike_abyss_exit_11, minivault_26, evilmike_abyss_exit_10,
          hangedman_abyss_or_decor_jellyfish_corner
Bazaar:   bazaar_minmay_row

Skill      XL: |  1  2  3  4  5  6  7  8  9 10 11 12 13 14 15 16 17 18 19 20 21 22 23 24 25 |
---------------+----------------------------------------------------------------------------+-----
Axes           | 3 5 6 8 9 12 14 16 17 18 21 23 | 23.0
Fighting       | 6 11 15 20 | 20.6
Shields        | 6 12 15 16 19 22 23 25 | 25.1
Invocations    | 13 15 17 20 25 | 25.6
Armour         | 10 11 14 | 14.4
Evocations     | 8 13 | 13.0
Dodging        | 10 | 10.0

Action                   |  1- 3 |  4- 6 |  7- 9 | 10-12 | 13-15 | 16-18 | 19-21 | 22-24 | 25-27 || total
-------------------------+-------+-------+-------+-------+-------+-------+-------+-------+-------++-------
Melee: War axe           |    67 |   158 |   275 |   507 |  1271 |   252 |       |       |       ||  2530
       Unarmed           |       |       |    10 |       |       |       |       |       |       ||    10
       Whip              |       |       |       |    40 |       |       |       |       |       ||    40
       Trident           |       |       |       |    24 |    81 |       |       |       |       ||   105
       Broad axe         |       |       |       |       |       |  1334 |  1052 |  1313 |   361 ||  4060
Invok: Divine Shield     |       |       |       |     3 |    19 |    10 |    15 |     6 |     3 ||    56
       Cleansing Flame   |       |       |       |       |     9 |     7 |     9 |    17 |    36 ||    78
       Summon Divine War |       |       |       |       |     3 |     5 |    11 |     3 |     4 ||    26
       Brand Weapon With |       |       |       |       |       |       |     1 |       |       ||     1
Evoke: Wand              |       |       |       |       |     1 |       |       |       |     2 ||     3
       Phial of floods   |       |       |       |       |       |       |     1 |       |       ||     1
  Use: Potion            |       |     1 |     6 |     1 |    13 |     4 |    41 |    10 |    12 ||    88
       Scroll            |       |       |     3 |     7 |     9 |    11 |    46 |    33 |     3 ||   112
 Stab: Confused          |       |       |     1 |       |       |       |       |       |       ||     1
  Eat: Chunk             |       |     5 |     5 |     9 |     8 |     4 |     5 |     3 |       ||    39
       Ration            |       |       |     1 |     4 |     9 |    11 |     7 |     8 |     6 ||    46
Armor: Scale mail        |    37 |    46 |       |       |       |       |       |       |       ||    83
       Chain mail        |       |    18 |    79 |       |       |       |       |       |       ||    97
       Skin              |       |       |     2 |       |       |       |       |       |       ||     2
       Plate armour      |       |       |    31 |   365 |   524 |   614 |   209 |   357 |   126 ||  2226
Dodge: Dodged            |    25 |    40 |    39 |   132 |   252 |   257 |   121 |   186 |   118 ||  1170
Block: Shield            |    50 |    74 |   115 |   397 |  1093 |   373 |       |       |       ||  2102
       Large shield      |       |       |       |       |       |  1218 |  1045 |  1521 |   571 ||  4355

Table legend:
 A = Non-vault XP
 B = Vault XP
 C = Vault XP percentage of total XP
 D = Non-vault monster count
 E = Vault monster count
 F = Vault count percentage of total count
 G = Total turns spent on level
                 A         B        C        D         E       F
            +---------+---------+-------+---------+---------+-------
      Total |  564644 |  538271 |  48.8 |    1301 |     867 |  40.0
            +---------+---------+-------+---------+---------+-------
        D:1 |      16 |       0 |   0.0 |      10 |       0 |   0.0
        D:2 |      57 |     111 |  66.1 |      19 |      15 |  44.1
        D:3 |     178 |       0 |   0.0 |      16 |       0 |   0.0
        D:4 |     450 |     718 |  61.5 |      24 |       4 |  14.3
        D:5 |     923 |     333 |  26.5 |      23 |       3 |  11.5
        D:6 |     651 |       0 |   0.0 |      11 |       0 |   0.0
        D:7 |     993 |    1562 |  61.1 |      27 |      10 |  27.0
        D:8 |     630 |    2352 |  78.9 |      16 |      24 |  60.0
        D:9 |     703 |       0 |   0.0 |      14 |       0 |   0.0
       D:10 |    3727 |     157 |   4.0 |      24 |       8 |  25.0
       D:11 |    7365 |       0 |   0.0 |      36 |       0 |   0.0
       D:12 |    1862 |   10217 |  84.6 |      17 |      17 |  50.0
       D:13 |    3128 |    1027 |  24.7 |      13 |       1 |   7.1
       D:14 |   11886 |    9939 |  45.5 |      33 |      42 |  56.0
       D:15 |    8155 |    1757 |  17.7 |      31 |       2 |   6.1
     Lair:1 |    2026 |    2422 |  54.5 |       5 |       6 |  54.5
     Lair:2 |    7305 |       0 |   0.0 |      26 |       0 |   0.0
     Lair:3 |    4561 |    2405 |  34.5 |      21 |       5 |  19.2
     Lair:4 |    7506 |    1698 |  18.4 |      21 |       2 |   8.7
     Lair:5 |   15453 |     884 |   5.4 |      33 |       1 |   2.9
     Lair:6 |    7279 |   10082 |  58.1 |      29 |      25 |  46.3
   Spider:1 |   19554 |    1572 |   7.4 |      60 |       1 |   1.6
   Spider:2 |   18234 |       0 |   0.0 |      38 |       0 |   0.0
   Spider:3 |   24496 |    3899 |  13.7 |      68 |       8 |  10.5
   Spider:4 |   21905 |   18170 |  45.3 |      60 |      33 |  35.5
      Orc:1 |    1584 |       0 |   0.0 |      17 |       0 |   0.0
      Orc:2 |       0 |   19224 | 100.0 |       0 |     145 | 100.0
   Vaults:1 |   30577 |   21045 |  40.8 |      72 |      36 |  33.3
   Vaults:2 |   24580 |    8301 |  25.2 |      44 |      14 |  24.1
   Vaults:3 |   14088 |   25013 |  64.0 |      20 |      42 |  67.7
   Vaults:4 |   27284 |   69821 |  71.9 |      49 |      58 |  54.2
   Vaults:5 |    7631 |   77386 |  91.0 |      14 |      60 |  81.1
    Crypt:1 |   25492 |       0 |   0.0 |      43 |       0 |   0.0
    Crypt:2 |   30304 |       0 |   0.0 |      47 |       0 |   0.0
    Crypt:3 |       0 |   75975 | 100.0 |       0 |     128 | 100.0
   Depths:1 |   62502 |    8423 |  11.9 |      70 |      17 |  19.5
   Depths:2 |   26519 |   11205 |  29.7 |      38 |       8 |  17.4
   Depths:3 |   10684 |   92204 |  89.6 |      24 |      87 |  78.4
   Depths:4 |   56431 |    7337 |  11.5 |      62 |      12 |  16.2
   Depths:5 |   36922 |   25147 |  40.5 |      39 |      17 |  30.4
       Hell |   20375 |   27146 |  57.1 |      30 |      34 |  53.1
    Abyss:2 |     473 |       0 |   0.0 |       2 |       0 |   0.0
    Abyss:3 |    2366 |       0 |   0.0 |       1 |       0 |   0.0
    Abyss:5 |   17789 |     739 |   4.0 |      54 |       2 |   3.6
            +---------+---------+-------+---------+---------+-------
